 Dungeon Crawl Stone Soup version 0.25-a0-413-g3b4b6a4ccc (webtiles) character file.

Game seed: 13714250408266852722, levelgen mode: deterministic

163 Napalmbreeze the Poker (level 5, -5/41 HPs)
             Began as a Merfolk Gladiator on Jan 15, 2020.
             Killed by divine providence
             ... invoked by an orc priest
              (17 damage)
             ... on level 3 of the Dungeon.
             The game lasted 00:05:08 (2127 turns).

Napalmbreeze the Poker (Merfolk Gladiator)          Turns: 2127, Time: 00:05:08

Health: -5/41      AC:  5    Str: 18    XL:     5   Next: 44%
Magic:  5/5        EV: 15    Int:  7    God:
Gold:   123        SH:  0    Dex: 16    Spells: 4/4 levels left

rFire    . . .     SeeInvis +   a - +0 trident
rCold    . . .     Gourm    +   (no shield)
rNeg     . . .     Faith    .   b - +0 leather armour
rPois    .         Spirit   .   c - +0 helmet
rElec    .         Reflect  .   s - scarf {repulsion}
rCorr    .         Harm     .   m - +0 pair of gloves
MR       .....                  (no boots)
Stlth    +.........             i - amulet of the gourmand
HPRegen  0.13/turn              p - +3 ring of strength
MPRegen  0.09/turn              q - ring of see invisible

@: repel missiles
A: change form in water, swift swim, stealthy swim
a: no special abilities


You were on level 3 of the Dungeon.
You were very full.

You visited 1 branch of the dungeon, and saw 3 of its levels.

You collected 123 gold pieces.

Inventory:

Hand Weapons
 a - a +0 trident (weapon)
 h - a +2 dagger of flaming
Missiles
 d - 5 throwing nets (quivered)
Armour
 b - a +0 leather armour (worn)
 c - a +0 helmet (worn)
 m - a +0 pair of gloves (worn)
 s - a scarf of repulsion (worn)
Jewellery
 i - an amulet of the gourmand (around neck)
 p - a +3 ring of strength (left hand)
 q - a ring of see invisible (right hand)
Scrolls
 e - 3 scrolls of identify {unknown}
 g - a scroll of noise {unknown}
 j - a scroll of random uselessness {unknown}
 k - a scroll of teleportation {unknown}
 o - a scroll of blinking {unknown}
 t - a scroll of enchant armour {unknown}
Potions
 l - 3 potions of flight {unknown}
 n - a potion of lignification {unknown}
 r - a potion of experience {unknown}
Comestibles
 f - 3 rations


   Skills:
 + Level 3.5 Fighting
 * Level 6.9 Polearms
 - Level 2.0 Throwing
 + Level 5.2 Dodging


You had 4 spell levels left.
You didn't know any spells.
Your spell library was empty.

Dungeon Overview and Level Annotations

Branches:
Dungeon (3/15)

Altars:

Annotations:
D:2 1 runed translucent door, Crazy Yiuf


Message History

Beogh smites you! The orc hits you but does no damage.
You completely miss the orc.
The orc is moderately wounded.
The orc closely misses you.
You hit the orc.
The orc is heavily wounded.
The orc priest calls down the wrath of Beogh upon you.
Beogh smites you!
* * * LOW HITPOINT WARNING * * *
The orc misses you.
You are too injured to fight recklessly!
You are too injured to fight recklessly!
You are too injured to fight recklessly!
You are too injured to fight recklessly!
You are too injured to fight recklessly!
Unknown command.
The orc barely misses you.
The orc priest calls down the wrath of Beogh upon you.
Beogh smites you!
You die...

.. #. #.
#### #.
#...#. #.
#...... #.
.......
#.###o†.....
#..@ogK.....
#.####o.....
#. ...#. #.
### #. #. #.
#.


You could see an orc priest, 2 orcs, a goblin and a kobold.

Vanquished Creatures
  Natasha (thrice) (D:2)
  2 adders (D:2)
  An ooze (D:2)
  2 worms
  2 dart slugs (D:1)
  A leopard gecko (D:1)
  2 ball pythons
  7 bats
  2 giant cockroaches
  2 hobgoblins
  4 jackals (D:1)
  3 quokkas (D:2)
  3 frilled lizards (D:1)
  7 goblins
  10 kobolds
  6 rats
57 creatures vanquished.

Notes
Turn   | Place    | Note
-------+----------+-------------------------------------------
     0 | D:1      | Napalmbreeze the Merfolk Gladiator began the quest for the
                  | Orb.
     0 | D:1      | Reached XP level 1. HP: 16/16 MP: 1/1
   160 | D:1      | Reached XP level 2. HP: 23/23 MP: 2/2
   322 | D:1      | Reached skill level 5 in Polearms
   426 | D:1      | Reached XP level 3. HP: 25/28 MP: 3/3
   894 | D:2      | Noticed Natasha
   906 | D:2      | Killed Natasha
   906 | D:2      | Reached skill level 6 in Polearms
   906 | D:2      | Reached XP level 4. HP: 19/35 MP: 4/4
  1219 | D:2      | Noticed Natasha
  1244 | D:2      | Killed Natasha
  1534 | D:2      | Reached skill level 5 in Dodging
  1555 | D:2      | Noticed Natasha
  1565 | D:2      | Reached XP level 5. HP: 41/41 MP: 5/5
  1584 | D:2      | Killed Natasha
  1748 | D:2      | Found a runed translucent door.
  1749 | D:2      | Noticed Crazy Yiuf
  2127 | D:3      | Killed from afar by an orc priest

Levels and vault maps discovered:
D:1:      minmay_arrival_plants_in_alcoves, layout_basic
D:2:      layout_basic, uniq_crazy_yiuf_cottage, uniq_natasha
D:3:      layout_loops_ring, cheibrodos_ashenzari_chains, first_ration

Skill      XL: |  1  2  3  4 |
---------------+-------------+-----
Polearms       | 5 6 |  6.9
Fighting       | 3 |  3.5
Dodging        | 5 |  5.2
Throwing       | |  2.0

Action                   |  1- 3 |  4- 6 || total
-------------------------+-------+-------++-------
Melee: Trident           |   120 |    80 ||   200
  Eat: Chunk             |       |    15 ||    15
Armor: Leather armour    |    21 |     6 ||    27
Dodge: Dodged            |    65 |    50 ||   115

Table legend:
 A = Non-vault XP
 B = Vault XP
 C = Vault XP percentage of total XP
 D = Non-vault monster count
 E = Vault monster count
 F = Vault count percentage of total count
                 A         B        C        D         E       F
            +---------+---------+-------+---------+---------+-------
      Total |     198 |      36 |  15.4 |      56 |       1 |   1.8
            +---------+---------+-------+---------+---------+-------
        D:1 |      63 |       0 |   0.0 |      33 |       0 |   0.0
        D:2 |     133 |      36 |  21.3 |      21 |       1 |   4.5
        D:3 |       2 |       0 |   0.0 |       2 |       0 |   0.0
            +---------+---------+-------+---------+---------+-------
